 Dungeon Sprint DCSS version 0.24-a0-530-g18ba70b5 (webtiles) character file.

Game seed: 13219822094640776574

1893 silentkaos13 the Covert (level 8, -2/56 HPs)
             Began as a Demonspawn Enchanter on Aug 8, 2019.
             Was a Follower of Sif Muna.
             Shot with an arrow by a centaur warrior (22 damage)
             ... in the Dungeon (Sprint I: "Red Sonja").
             The game lasted 00:05:40 (938 turns).

silentkaos13 the Covert (Demonspawn Enchanter)       Turns: 938, Time: 00:05:40

Health: -2/56      AC:  4    Str:  8    XL:     8   Next: 93%
Magic:  13/19      EV: 16    Int: 18    God:    Sif Muna [*.....]
Gold:   350        SH:  0    Dex: 15    Spells: 9/21 levels left

rFire    + . .     SeeInvis +   a - +1 dagger
rCold    + . .     Gourm    .   (no shield)
rNeg     . . .     Faith    .   c - +2 robe {rC+ rF+}
rPois    .         Spirit   .   (no helmet)
rElec    .         Reflect  .   l - scarf {repulsion}
rCorr    .         Harm     .   (no gloves)
MR       .....     NoTele   +   (no boots)
Stlth    +++.......             (no amulet)
HPRegen  0.18/turn              k - ring of see invisible
MPRegen  0.16/turn              (no ring)

@: repel missiles, very slow
A: talons 1, powered by death 2, spiny 1
a: Channel Magic, Renounce Religion


You were in the Dungeon.
You worshipped Sif Muna.
Sif Muna was aware of your devotion.
You were hungry.

You visited 1 branch You collected 662 gold pieces.
You spent 312 gold pieces at shops.

Inventory:

Hand Weapons
 a - a +1 dagger (weapon)
Missiles
 f - 7 curare-tipped darts (quivered)
Armour
 b - a +0 robe
 c - a +2 robe of resistance (worn)
 l - a scarf of repulsion (worn)
Jewellery
 k - a ring of see invisible (left hand)
Scrolls
 j - a scroll of blinking
 m - a scroll of enchant weapon {unknown}
Potions
 e - a potion of curing
 g - a potion of haste
 h - 2 potions of magic
 i - a potion of flight {unknown}
Comestibles
 d - 2 rations


   Skills:
 + Level 1.8 Fighting
 + Level 3.3 Short Blades
 + Level 6.0 Dodging
 + Level 12.6 Stealth
 + Level 7.4 Spellcasting
 + Level 11.4 Hexes
 + Level 1.6 Ice Magic


You had 9 spell levels left.
You knew the following spells:

 Your Spells              Type           Power        Failure   Level  Hunger
a - Corona                Hex            #####..      1%          1    None
b - Ensorcelled Hibernat  Hex/Ice        ####..       1%          2    None
c - Confuse               Hex            #####...     1%          3    #......
d - Tukima's Dance        Hex            #####...     1%          3    #......
e - Dazzling Spray        Conj/Hex       ####..       3%          3    #......

Your spell library contained the following spells:

 Spells                   Type           Power        Failure   Level  Hunger


Dungeon Overview and Level Annotations

Branches:
Dungeon (1/1)

Altars:
Cheibriados
Dithmenos
Elyvilon
Fedhas
Gozag
Hepliaklqana
Kikubaaqudgha
Makhleb
Nemelex Xobeh
Okawaru
Qazlal
Ru
Sif Muna
Trog
Uskayaw
Vehumet
Wu Jian
Xom
Yredelemnul
Zin
The Shining One
Jiyva
Lugonu

Shops:
D !=[


Innate Abilities, Weirdness & Mutations

You have sharp toenails.
You regenerate health from kills.
You are partially covered in sharp spines.


Message History

Press: ? - help, Shift-Dir - straight line, f - centaur warrior
Aim: a centaur warrior, wielding a +0 shortbow The spray of energy hits the centaur warrior.
The centaur warrior is lightly wounded.
The spray of energy hits the centaur warrior!
The centaur warrior is lightly wounded.
The centaur warrior is dazzled.
You are feeling hungry.
The centaur warrior shoots an arrow.
The arrow hits you.
You hear a splash.
The centaur warrior shoots an arrow.
The arrow misses you.
You hear a splash.
Casting: Dazzling Spray (safe; 3% risk of failure)
Confirm with . or Enter, or press ? or * to list all spells.
Aiming: Tukima's Dance (safe; 1% risk of failure)
Press: ? - help, Shift-Dir - straight line, f/p - centaur warrior
Aim: a centaur warrior, wielding a +0 shortbow (purple smoke, not susceptible)
The centaur warrior struggles to resist.
The centaur warrior shoots an arrow.
The arrow hits you!!
You die...

########################
.#..'..#.)'..#__#..'..)#
.[..#.)'..#..'^.'..#...#
.#####'#####'#__####)..+
.####..#...#)####$§#####
.#__####..##.#§§§§c#
.#_____##'#_.+§§§§§+
⌠#_.∩...'..._#§§@§c#
##_..__##_.#'##§####
#_____###'#.#(...###
##########)####'###.##
........'...'.....')∩#
#++++####...##########
##.## #+#


You could see 2 centaur warriors.

Vanquished Creatures
  A deep troll (D)
  2 kobold demonologists (D)
  A slime creature (D)
  Sigmund (D)
  A yak (D)
  A floating eye (D)
  An ogre (D)
  A jelly (D)
  Ijyb (D)
10 creatures vanquished.

Vanquished Creatures (others)
  Sonja (D)
1 creature vanquished.

Grand Total: 11 creatures vanquished

Notes
Turn   | Place    | Note
-------+----------+-------------------------------------------
     0 | D        | silentkaos13 the Demonspawn Enchanter began the quest for
                  | the Orb.
     0 | D        | Reached XP level 1. HP: 13/13 MP: 3/3
     1 | D        | Noticed Ijyb
    14 | D        | Killed Ijyb
    14 | D        | Reached skill level 4 in Stealth
    14 | D        | Gained mutation: You have sharp toenails. [demonic
                  | ancestry]
    14 | D        | Reached XP level 2. HP: 18/19 MP: 3/5
    73 | D        | Learned a level 2 spell: Ensorcelled Hibernation
    73 | D        | Noticed an ogre
    79 | D        | Killed an ogre
    79 | D        | Reached skill level 5 in Stealth
    79 | D        | Gained mutation: You are partially covered in sharp spines.
                  | [demonic ancestry]
    79 | D        | Reached XP level 3. HP: 22/24 MP: 1/8
    79 | D        | Reached XP level 4. HP: 27/30 MP: 1/9
   154 | D        | Learned a level 3 spell: Confuse
   158 | D        | Learned a level 3 spell: Tukima's Dance
   167 | D        | Noticed Sigmund
   178 | D        | Killed Sigmund
   178 | D        | Reached skill level 7 in Stealth
   178 | D        | Reached skill level 1 in Ice Magic
   178 | D        | Reached XP level 5. HP: 15/35 MP: 1/12
   367 | D        | Found an ornate altar of the Wu Jian Council.
   367 | D        | Found a deep blue altar of Sif Muna.
   369 | D        | Found a radiant altar of Vehumet.
   373 | D        | Reached skill level 8 in Stealth
   373 | D        | Reached skill level 5 in Spellcasting
   373 | D        | Gained mutation: You regenerate a little health from kills.
                  | [demonic ancestry]
   373 | D        | Reached XP level 6. HP: 41/41 MP: 13/13
   402 | D        | Found Nauguf's Jewellery Emporium.
   402 | D        | Found an ancient bone altar of Kikubaaqudgha.
   402 | D        | Found a hazy altar of Hepliaklqana.
   402 | D        | Found a stormy altar of Qazlal.
   402 | D        | Found a hide-covered altar of Uskayaw.
   402 | D        | Found a blossoming altar of Fedhas.
   402 | D        | Found a bloodstained altar of Trog.
   402 | D        | Found an iron altar of Okawaru.
   402 | D        | Found a basalt altar of Yredelemnul.
   402 | D        | Found a glowing golden altar of the Shining One.
   402 | D        | Found a snail-covered altar of Cheibriados.
   402 | D        | Found a sacrificial altar of Ru.
   402 | D        | Found a glowing silver altar of Zin.
   402 | D        | Found a shadowy altar of Dithmenos.
   402 | D        | Found a white marble altar of Elyvilon.
   402 | D        | Noticed a yak
   403 | D        | Found an opulent altar of Gozag.
   409 | D        | Killed a yak
   409 | D        | Reached skill level 9 in Stealth
   410 | D        | Found a sparkling altar of Nemelex Xobeh.
   418 | D        | Became a worshipper of Sif Muna the Loreminder
   547 | D        | Bought an uncursed ring of see invisible for 180 gold
                  | pieces
   559 | D        | Found a burning altar of Makhleb.
   559 | D        | Found a viscous altar of Jiyva.
   559 | D        | Found a shimmering altar of Xom.
   559 | D        | Found a corrupted altar of Lugonu.
   559 | D        | Noticed a slime creature
   572 | D        | Killed a slime creature
   572 | D        | Reached skill level 1 in Short Blades
   572 | D        | Reached XP level 7. HP: 35/47 MP: 14/16
   597 | D        | Noticed a kobold demonologist
   598 | D        | Noticed a kobold demonologist
   600 | D        | Reached skill level 1 in Fighting
   600 | D        | Reached skill level 10 in Stealth
   600 | D        | Reached skill level 10 in Hexes
   602 | D        | Killed a kobold demonologist
   602 | D        | Reached * piety under Sif Muna
   602 | D        | Reached skill level 5 in Dodging
   602 | D        | Reached skill level 11 in Stealth
   604 | D        | Killed a kobold demonologist
   604 | D        | Gained mutation: You regenerate health from kills. [demonic
                  | ancestry]
   604 | D        | Reached XP level 8. HP: 49/54 MP: 16/18
   629 | D        | Learned a level 3 spell: Dazzling Spray
   629 | D        | Noticed Sonja
   636 | D        | Killed Sonja
   876 | D        | Found Vaorchul's Distillery.
   892 | D        | Noticed a deep troll
   896 | D        | Killed a deep troll
   896 | D        | Reached skill level 12 in Stealth
   906 | D        | Found Koloxaus's Armour Emporium.
   911 | D        | Bought a scarf of repulsion for 132 gold pieces
   936 | D        | Noticed a centaur warrior
   936 | D        | Noticed a centaur warrior
   938 | D        | Shot with an arrow by a centaur warrior

Levels and vault maps discovered:
D:        dungeon_sprint_1 [red_sonja_temple_1, red_sonja_temple_small_1]

Skill      XL: |  1  2  3  4  5  6  7  8 |
---------------+-------------------------+-----
Dodging        | 2 3 4 5 6 |  6.0
Stealth        | 4 5 7 8 9 11 12 | 12.6
Hexes          | 4 6 8 9 10 11 | 11.4
Spellcasting   | 3 4 5 6 7 |  7.4
Ice Magic      | 1 |  1.6
Short Blades   | 1 2 3 |  3.3
Fighting       | 1 |  1.8

Action                   |  1- 3 |  4- 6 |  7- 9 || total
-------------------------+-------+-------+-------++-------
Melee: Dagger            |    14 |    23 |     4 ||    41
       Kick              |     1 |     3 |     1 ||     5
 Cast: Ensorcelled Hiber |     2 |       |       ||     2
       Tukima's Dance    |       |     2 |     2 ||     4
       Confuse           |       |     1 |       ||     1
       Dazzling Spray    |       |       |     1 ||     1
  Use: Potion            |     1 |     1 |       ||     2
 Stab: Sleeping          |     2 |     3 |     4 ||     9
       Confused          |       |     2 |       ||     2
Armor: Robe              |     1 |       |       ||     1
Dodge: Dodged            |     4 |    10 |     7 ||    21

Table legend:
 A = Non-vault XP
 B = Vault XP
 C = Vault XP percentage of total XP
 D = Non-vault monster count
 E = Vault monster count
 F = Vault count percentage of total count
                 A         B        C        D         E       F
            +---------+---------+-------+---------+---------+-------
      Total |       0 |    2705 | 100.0 |       0 |      11 | 100.0
            +---------+---------+-------+---------+---------+-------
          D |       0 |    2705 | 100.0 |       0 |      11 | 100.0
            +---------+---------+-------+---------+---------+-------
